 Dungeon Crawl Stone Soup version 0.23-a0-484-g29ba69c (webtiles) character file.

48 galech the Skirmisher (level 3, 13/29 HPs)
             Began as a Demonspawn Fighter on Nov 30, 2018.
             Quit the game on level 2 of the Dungeon.
             The game lasted 00:00:55 (903 turns).

galech the Skirmisher (Demonspawn Fighter)           Turns: 903, Time: 00:00:56

Health: 13/29      AC:  6    Str: 16    XL:     3   Next: 50%
Magic:  3/3        EV:  7    Int:  9    God:
Gold:   56         SH:  9    Dex: 13    Spells: 2/2 levels left

rFire    . . .     SeeInvis .   a - +0 war axe
rCold    . . .     Gourm    .   c - +0 shield
rNeg     . . .     Faith    .   b - +0 scale mail
rPois    .         Spirit   .   (helmet restricted)
rElec    .         Reflect  .   (no cloak)
rCorr    .         Harm     .   (no gloves)
MR       .....                  (no boots)
Stlth    ..........             (no amulet)
HPRegen  0.09/turn              (no ring)
MPRegen  0.08/turn              (no ring)

@: no status effects
A: antennae 1, talons 1
a: no special abilities


You were on level 2 of the Dungeon.
You were not hungry.

You visited 1 branch of the dungeon, and saw 2 of its levels.

You collected 56 gold pieces.

Inventory:

Hand Weapons
 a - a +0 war axe (weapon)
Armour
 b - a +0 scale mail (worn)
 c - a +0 shield (worn)
Scrolls
 e - a scroll of remove curse {unknown}
 i - a scroll of magic mapping {unknown}
Potions
 d - a potion of might
 g - 2 potions of haste {unknown}
 j - a potion of curing {unknown}
Comestibles
 f - 6 rations
 h - 9 chunks of flesh


   Skills:
 + Level 3.4 Fighting
 + Level 2.4 Axes
 + Level 3.0 Armour
 + Level 0.3 Dodging
 + Level 3.0 Shields


You had 2 spell levels left.
You didn't know any spells.
Your spell library was empty.

Dungeon Overview and Level Annotations

Branches:
Dungeon (2/15)

Altars:


Innate Abilities, Weirdness & Mutations

You have a pair of small antennae on your head.
You have sharp toenails.


Message History

Terence hits you but does no damage.
You closely miss Terence. Your kick misses Terence.
Terence is heavily wounded.
Terence hits you with a +0 flail.
You slash Terence!
You kill Terence!
Your Armour skill increases to level 3!
Your Shields skill increases to level 3!
You have reached level 3!
Your experience leads to an increase in your attributes!
Increase (S)trength, (I)ntelligence, or (D)exterity?
You feel agile.
Your demonic ancestry asserts itself...
A pair of antennae grows on your head!
Things that are here:
a +0 flail; a +0 ring mail; the human corpse of Terence You butcher the human corpse of Terence.
h - 9 chunks of flesh (gained 4)
Things that are here:
a +0 flail; a +0 ring mail; the human skeleton of Terence Are you sure you want to abandon this character and quit the game? (Confirm

#####.# ......# .#
##.#### . #.# ##.
#.# #.. #.# #.#
#.# #.# ##.### #.#
.....# #@# .....##
#.# ......# #.#
......# #.#
......# ###.##
##.##.# #....#
#.##.########.#..#
#.##.##.).[...##.#
..##....รท.....#
...


There were no monsters in sight!

Vanquished Creatures
  Terence (D:2)
  2 dart slugs
  3 goblins (D:1)
  2 hobgoblins (D:1)
  2 jackals (D:2)
  A ball python (D:1)
  A bat (D:1)
  2 frilled lizards (D:1)
  7 kobolds
  2 rats (D:1)
23 creatures vanquished.

Notes
Turn   | Place    | Note
-------+----------+-------------------------------------------
     0 | D:1      | galech the Demonspawn Fighter began the quest for the Orb.
     0 | D:1      | Reached XP level 1. HP: 18/18 MP: 1/1
   320 | D:1      | Gained mutation: You have sharp toenails. [demonic
                  | ancestry]
   320 | D:1      | Reached XP level 2. HP: 18/24 MP: 2/2
   889 | D:2      | Noticed Terence
   899 | D:2      | Killed Terence
   899 | D:2      | Gained mutation: You have a pair of small antennae on your
                  | head. [demonic ancestry]
   899 | D:2      | Reached XP level 3. HP: 12/29 MP: 3/3
   903 | D:2      | Quit the game

Vault maps used:
D:1:      eino_arrival_druids_welcome
D:2:      minmay_evil_eye, overflow_temple_1_default, first_ration, uniq_robin,
          uniq_terence

Skill      XL: |  1  2 |
---------------+-------+-----
Axes           | 2 |  2.4
Armour         | 3 |  3.0
Shields        | 3 |  3.0
Fighting       | |  3.4
Dodging        | |  0.3

Action                   || total
-------------------------++-------
Melee: War axe           ||    67
       Kick              ||     9
Armor: Scale mail        ||    30
Dodge: Dodged            ||    15
Block: Shield            ||    32

Table legend:
 A = Non-vault XP
 B = Vault XP
 C = Vault XP percentage of total XP
 D = Non-vault monster count
 E = Vault monster count
 F = Vault count percentage of total count
                 A         B        C        D         E       F
            +---------+---------+-------+---------+---------+-------
      Total |      37 |      32 |  46.4 |      22 |       1 |   4.3
            +---------+---------+-------+---------+---------+-------
        D:1 |      27 |       0 |   0.0 |      17 |       0 |   0.0
        D:2 |      10 |      32 |  76.2 |       5 |       1 |  16.7
            +---------+---------+-------+---------+---------+-------
